 Dungeon Crawl Stone Soup version 0.16.2-12-gd0ad4c3 (webtiles) character file.

7933 faibistes the Thaumaturge (level 11, -3/60 HPs)
             Began as a Deep Elf Wizard on May 26, 2018.
             Was a High Priest of Sif Muna.
             Slain by a giant frog (8 damage)
             ... on level 9 of the Dungeon.
             The game lasted 00:35:59 (15106 turns).

faibistes the Thaumaturge (Deep Elf Wizard)        Turns: 15106, Time: 00:35:59

Health: -3/60      AC:  4    Str:  4    XL:     11   Next: 3%
Magic:  7/33       EV: 16    Int: 27    God:    Sif Muna [*****.]
Gold:   484        SH:  0    Dex: 15    Spells: 9 memorised, 7 levels left

rFire  . . .     SeeInvis .     i - +1 short sword (elec)
rCold  . . .     Clarity  .     a - +0 robe
rNeg   . . .     SustAb   .     (no shield)
rPois  +         Gourm    .     F - +1 hat
rElec  .         Spirit   .     M - +0 cloak
rCorr  .         Warding  .     (no gloves)
rMut   .         Stasis   .     (no boots)
MR     +....                    (no amulet)
Stlth  ++........               o - ring of poison resistance
                                k - +2 ring of dexterity

@: slowed, repel missiles, very slow, somewhat resistant to hostile
enchantments, unstealthy
A: no striking features
a: Channel Energy, Forget Spell, Renounce Religion


You were on level 9 of the Dungeon.
You worshipped Sif Muna.
Sif Muna was extremely pleased with you.
You were hungry.

You visited 2 branches of the dungeon, and saw 11 of its levels.

You collected 484 gold pieces.

Inventory:

Hand weapons
 f - a +0 short sword
 i - a +1 short sword of electrocution (weapon)
Missiles
 e - 4 stones (quivered)
Armour
 a - a +0 robe (worn)
 b - a +0 hat
 E - a +0 helmet
 F - a +1 hat (worn)
 M - a +0 cloak (worn)
Magical staves
 N - an uncursed staff of air
 R - an uncursed staff of summoning
Jewellery
 k - a +2 ring of dexterity (left hand)
 o - a ring of poison resistance (right hand)
 z - an uncursed ring of fire
 D - an uncursed ring of flight
Magical devices
 s - a wand of frost (48)
 v - a wand of slowing (9)
 G - a wand of random effects (26)
 H - a wand of invisibility (5)
 J - a wand of paralysis (7)
 S - a wand of confusion (21)
 V - a wand of cold (6)
Scrolls
 q - 3 scrolls of fear
 u - 2 scrolls of remove curse
 w - a scroll of enchant weapon
 y - 3 scrolls of teleportation
 A - a scroll of recharging
 B - a scroll of magic mapping
 K - 2 scrolls of amnesia
Potions
 g - 2 potions of flight
 j - 3 potions of curing
 m - 2 potions of restore abilities
 n - 2 potions of lignification
 r - a potion of cancellation
 t - 2 potions of heal wounds
 x - a potion of resistance
 C - 2 potions of agility
 Q - a potion of brilliance {unknown}
 T - a potion of mutation {unknown}
Books
 c - a book of Minor Magic

   Spells                             Type                      Level
   a - Magic Dart                     Conjuration                  1
   b - Blink                          Translocation                2
   c - Call Imp                       Summoning                    2
   d - Repel Missiles                 Charms/Air                   2
   e - Slow                           Hexes                        2
   f - Conjure Flame                  Conjuration/Fire             3
   g - Mephitic Cloud                 Conjuration/Poison/Air       3
 h - a book of the Warp

   Spells                             Type                      Level
   a - Recall                         Summoning/Translocation      3
   b - Control Teleport               Charms/Translocation         4
   c - Force Lance                    Conjuration/Translocation    4
   d - Phase Shift                    Translocation                5
   e - Warp Weapon                    Charms/Translocation         5
   f - Gell's Gravitas                Hexes/Translocation          5
   g - Summon Forest                  Summoning/Translocation      5
 I - a book of Clouds

   Spells                             Type                      Level
   a - Mephitic Cloud                 Conjuration/Poison/Air       3
   b - Conjure Flame                  Conjuration/Fire             3
   c - Poisonous Cloud                Conjuration/Poison/Air       6
   d - Freezing Cloud                 Conjuration/Ice/Air          6
   e - Ring of Flames                 Charms/Fire                  7
 O - a book of Frost

   Spells                             Type                      Level
   a - Freeze                         Ice                          1
   b - Throw Frost                    Conjuration/Ice              2
   c - Ozocubu's Armour               Charms/Ice                   3
   d - Throw Icicle                   Conjuration/Ice              4
   e - Summon Ice Beast               Ice/Summoning                4
   f - Condensation Shield            Ice                          4
Comestibles
 d - 10 bread rations
 l - 5 fruits
 p - a royal jelly
 L - 2 beef jerkies
 U - a meat ration


   Skills:
 + Level 3.1 Fighting
 + Level 6.4 Dodging
 - Level 2.4 Stealth
 * Level 11.1 Spellcasting
 + Level 7.1 Conjurations
 + Level 4.5 Charms
 - Level 5.1 Summonings
 + Level 4.1 Translocations
 * Level 6.4 Fire Magic
 - Level 3.5 Ice Magic
 - Level 3.5 Air Magic
 - Level 2.7 Poison Magic
 * Level 4.6 Invocations
 + Level 3.2 Evocations


You had 7 spell levels left.
You knew the following spells:

 Your Spells              Type           Power        Failure   Level  Hunger
a - Magic Dart            Conj           ####         1%          1    None
b - Conjure Flame         Conj/Fire      ######..     1%          3    None
c - Call Imp              Summ           #####...     1%          2    None
d - Blink                 Tloc           N/A          1%          2    None
e - Mephitic Cloud        Conj/Pois/Air  #####...     1%          3    None
f - Repel Missiles        Chrm/Air       #####.       1%          2    None
g - Summon Ice Beast      Ice/Summ       #####...     8%          4    None
h - Throw Icicle          Conj/Ice       #####...     4%          4    None
x - Force Lance           Conj/Tloc      #####...     4%          4    None


Dungeon Overview and Level Annotations

Branches:
Dungeon (10/15)            Temple (1/1) D:4
   Lair: D:8-11         Orc: D:9-12

Altars:
Ashenzari
Cheibriados
Dithmenos
Elyvilon
Fedhas
Gozag
Kikubaaqudgha
Makhleb
Nemelex Xobeh
Okawaru
Qazlal
Ru
Sif Muna
Trog
Vehumet
Xom
Yredelemnul
Zin
The Shining One

Shops:
D:5 :   D:6 (


Message History

The giant frog is engulfed in noxious fumes.
The giant frog appears confused.
The giant frog is engulfed in noxious fumes.
The giant frog appears confused.
The giant frog is engulfed in noxious fumes.
The giant frog appears confused.
A giant frog comes into view.
Use which ability? (? or * to list)
You channel some magical energy.
You feel somewhat more hungry.
Casting: Mephitic Cloud
Confirm with . or Enter, or press ? or * to list all spells.
Aiming: Mephitic Cloud
Press: ? - help, Shift-Dir - straight line, f - you
Okay, then.
Unknown command.
The giant frog gives a loud, deep croak!
The giant frog hits you!
* * * LOW HITPOINT WARNING * * *
The giant frog hits you!
You die...

### #.. #.# #
#.#.#### #.#.#..
#...#.# #
#####(###.######.
..##
#....>.@F.........
....
#.......#.#######
#### #..######.#
#..#....#.#
#..#.##.#.#
#..#..#.#.#
#.......#.#
##...[....#
####.#####


You could see a giant frog.

Vanquished Creatures
  Gastronok (D:9)
  Josephine (D:10)
  The ghost of faibistes the Thaumaturge, an experienced DEWz of Sif Muna (D:6)
  4 wraiths
  A deep elf mage (D:8)
  The ghost of faibistes the Magician, an average DEWz (D:3)
  2 yaks (D:9)
  3 sky beasts (D:6)
  3 orc warriors
  6 ogres
  2 water moccasins (D:7)
  An ice beast (D:5)
  3 phantoms
  A necrophage (D:6)
  3 centaurs
  Sigmund (D:3)
  A big kobold (D:7)
  A crocodile (D:8)
  5 giant frogs
  A water moccasin zombie (D:6)
  A wyvern skeleton (D:9)
  2 scorpions
  3 killer bees (D:8)
  8 wights
  2 goliath beetles
  A centaur zombie (D:8)
  7 crimson imps
  A giant frog zombie (D:7)
  A jelly (D:8)
  An iguana (D:7)
  6 orc priests
  5 hounds
  2 centaur skeletons
  A quasit (D:8)
  6 worker ants
  2 giant frog skeletons (D:5)
  Natasha (thrice) (D:3)
  4 orc wizards
  Ijyb (D:2)
  2 hound skeletons
  A worker ant zombie (D:7)
  Robin (D:3)
  9 adders
  3 gnolls
  3 shadow imps
  3 worms
  An adder skeleton (D:5)
  5 giant geckos
  32 orcs
  3 bat skeletons
  5 giant cockroaches
  27 goblins
  11 hobgoblins
  4 jackals
  8 quokkas
  A ball python (D:2)
  17 bats
  A giant gecko skeleton (D:4)
  A giant gecko zombie (D:8)
  A giant newt (D:3)
  A giant spore (D:6)
  2 gnoll zombies (D:7)
  A jackal zombie (D:5)
  24 kobolds
  19 rats
285 creatures vanquished.

Vanquished Creatures (collateral kills)
  A worm (D:1)
  3 jackals (D:1)
4 creatures vanquished.

Vanquished Creatures (others)
  A giant spore (D:6)
  A ballistomycete (D:6)
2 creatures vanquished.

Grand Total: 291 creatures vanquished

Notes
Turn   | Place    | Note
--------------------------------------------------------------
     0 | D:1      | faibistes, the Deep Elf Wizard, began the quest for the Orb.
     0 | D:1      | Reached XP level 1. HP: 10/10 MP: 6/6
   410 | D:1      | Reached XP level 2. HP: 15/15 MP: 7/9
   442 | D:1      | Learned a level 2 spell: Blink
   445 | D:1      | Learned a level 2 spell: Call Imp
  1053 | D:2      | Reached skill level 5 in Spellcasting
  1351 | D:1      | Reached XP level 3. HP: 15/19 MP: 5/14
  1367 | D:1      | Learned a level 3 spell: Conjure Flame
  1371 | D:1      | Learned a level 3 spell: Mephitic Cloud
  2146 | D:3      | Noticed Robin
  2511 | D:2      | Noticed Ijyb
  2532 | D:2      | Killed Ijyb
  2532 | D:2      | Reached XP level 4. HP: 10/24 MP: 3/17
  2537 | D:2      | Learned a level 2 spell: Repel Missiles
  2724 | D:2      | Found a glowing silver altar of Zin.
  3160 | D:3      | Noticed faibistes' ghost (average DEWz)
  3211 | D:3      | Killed faibistes' ghost
  3211 | D:3      | Reached skill level 6 in Spellcasting
  3211 | D:3      | Reached XP level 5. HP: 17/28 MP: 14/21
  3346 | D:3      | Noticed Natasha
  3354 | D:3      | Killed Natasha
  3354 | D:3      | Reached XP level 6. HP: 32/32 MP: 12/22
  3492 | D:3      | Killed Robin
  3517 | D:3      | Noticed Natasha
  3521 | D:3      | Killed Natasha
  3593 | D:3      | Noticed Natasha
  3597 | D:3      | Killed Natasha
  3694 | D:3      | Noticed Sigmund
  3703 | D:3      | Killed Sigmund
  3703 | D:3      | Reached skill level 7 in Spellcasting
  4405 | D:4      | Found a staircase to the Ecumenical Temple.
  4413 | Temple   | Entered the Ecumenical Temple
  4567 | D:5      | Entered Level 5 of the Dungeon
  4587 | D:4      | Reached skill level 1 in Fighting
  4593 | D:4      | Reached XP level 7. HP: 17/38 MP: 14/25
  5412 | D:4      | Found a deep blue altar of Sif Muna.
  5416 | D:4      | Found a snail-covered altar of Cheibriados.
  5421 | D:4      | Became a worshipper of Sif Muna the Loreminder
  5575 | D:4      | Found a shattered altar of Ashenzari.
  5578 | D:4      | Found a sparkling altar of Nemelex Xobeh.
  5579 | D:4      | Found a radiant altar of Vehumet.
  5715 | D:5      | Reached skill level 8 in Spellcasting
  5800 | D:5      | Found Jelun's Book Shoppe.
  5907 | D:5      | Reached skill level 1 in Fire Magic
  5907 | D:5      | Reached skill level 1 in Air Magic
  6335 | D:5      | Reached skill level 1 in Poison Magic
  6411 | D:5      | Acquired Sif Muna's first power
  6411 | D:5      | Reached XP level 8. HP: 27/43 MP: 18/27
  6683 | D:4      | Found a burning altar of Makhleb.
  7087 | D:6      | Noticed faibistes' ghost (experienced DEWz)
  7107 | D:6      | Killed faibistes' ghost
  7107 | D:6      | Reached skill level 5 in Dodging
  7107 | D:6      | Reached skill level 5 in Conjurations
  7324 | D:6      | Found Shrosm's Weapon Boutique.
  7464 | D:6      | Acquired Sif Muna's second power
  7567 | D:6      | Reached skill level 9 in Spellcasting
  8057 | D:7      | Reached XP level 9. HP: 37/48 MP: 9/29
  9355 | D:7      | Reached skill level 1 in Evocations
  9384 | D:7      | Learned a level 4 spell: Summon Ice Beast
  9389 | D:7      | Learned a level 4 spell: Throw Icicle
  9523 | D:8      | Reached skill level 1 in Invocations
  9557 | D:8      | Found a shadowy altar of Dithmenos.
  9792 | D:7      | Found a bloodstained altar of Trog.
  9803 | D:7      | Reached skill level 1 in Charms
  9874 | D:8      | Reached skill level 1 in Ice Magic
 10112 | D:7      | Found a basalt altar of Yredelemnul.
 10831 | D:7      | Reached skill level 10 in Spellcasting
 12273 | D:8      | Found a shimmering altar of Xom.
 12350 | D:8      | Reached skill level 5 in Fire Magic
 12350 | D:8      | Reached XP level 10. HP: 53/53 MP: 22/31
 12399 | D:8      | Identified a scroll of acquirement
 12406 | D:8      | Learned a level 4 spell: Force Lance
 12532 | D:8      | Acquired Sif Muna's third power
 13732 | D:10     | Entered Level 10 of the Dungeon
 14244 | D:9      | Noticed Gastronok
 14256 | D:9      | Killed Gastronok
 14256 | D:9      | Reached skill level 5 in Summonings
 14922 | D:10     | Noticed Josephine
 14926 | D:10     | Killed Josephine
 14926 | D:10     | Reached skill level 11 in Spellcasting
 15086 | D:10     | Reached XP level 11. HP: 35/60 MP: 2/33
 15106 | D:9      | Slain by a giant frog

Action                   |  1- 3 |  4- 6 |  7- 9 | 10-12 || total
-------------------------+-------+-------+-------+-------++-------
Melee: Short sword       |     6 |    17 |   124 |    23 ||   170
 Cast: Magic Dart        |   107 |   109 |   326 |    55 ||   597
       Call Imp          |     7 |       |       |       ||     7
       Blink             |     2 |       |     3 |     2 ||     7
       Mephitic Cloud    |     1 |     9 |    23 |     9 ||    42
       Repel Missiles    |       |     2 |     2 |       ||     4
       Conjure Flame     |       |     1 |    37 |    13 ||    51
       Throw Icicle      |       |       |    27 |       ||    27
       Force Lance       |       |       |       |    66 ||    66
Invok: Channel Energy    |       |       |       |    16 ||    16
  Use: Scroll            |     5 |       |     9 |     9 ||    23
       Potion            |       |       |       |     1 ||     1
 Stab: Confused          |     2 |     2 |     3 |       ||     7
       Sleeping          |       |       |     1 |       ||     1
  Eat: Chunk             |     5 |     6 |    21 |    10 ||    42
       Fruit             |       |       |     2 |     1 ||     3
